 Dungeon Crawl Stone Soup version 0.21.1-1-g345015f (webtiles) character file.

765 LairdRich the Covert (level 7, -7/32 HPs)
             Began as a Spriggan Enchanter on June 22, 2018.
             Was a Follower of Dithmenos.
             Killed by divine providence
             ... invoked by an orc priest
              (17 damage)
             ... on level 5 of the Dungeon.
             The game lasted 00:29:04 (5733 turns).

LairdRich the Covert (Spriggan Enchanter)           Turns: 5733, Time: 00:29:05

Health: -7/32      AC:  4    Str:  4    XL:     7   Next: 51%
Magic:  10/12      EV: 21    Int: 18    God:    Dithmenos [*.....]
Gold:   286        SH:  0    Dex: 17    Spells: 2/11 levels left

rFire    . . .     SeeInvis +   d - +2 short sword (elec)
rCold    . . .     Gourm    .   (shield restricted)
rNeg     . . .     Faith    .   i - +1 robe
rPois    .         Spirit   .   (helmet restricted)
rElec    .         Reflect  .   m - +0 cloak
rCorr    .         Harm     .   (gloves unavailable)
MR       +....                  (boots unavailable)
Stlth    ++++++....             f - amulet of regeneration
HPRegen  0.50/turn              j - ring of stealth
MPRegen  0.13/turn              k - ring of wizardry

@: wreathed by umbra, very quick
A: very small, unfitting armour, see invisible, herbivore, speed 3, slow
metabolism 2
a: Renounce Religion


You were on level 5 of the Dungeon.
You worshipped Dithmenos.
Dithmenos was aware of your devotion.
You were very hungry.

You visited 1 branch of the dungeon, and saw 5 of its levels.

You collected 286 gold pieces.

Inventory:

Hand Weapons
 a - a +1 dagger
 d - a +2 short sword of electrocution (weapon)
Armour
 i - a +1 robe (worn)
 m - a +0 cloak (worn)
Jewellery
 f - an amulet of regeneration (around neck)
 j - a ring of stealth (left hand)
 k - a ring of wizardry (right hand)
 n - an uncursed ring of resist corrosion {unknown}
 r - an uncursed ring of wizardry
Scrolls
 g - a scroll of teleportation
 h - 3 scrolls of remove curse
 l - 3 scrolls of immolation
 v - a scroll of enchant weapon
Potions
 b - a potion of degeneration {unknown}
 o - a potion of magic {unknown}
 p - a potion of lignification {unknown}
 q - 2 potions of heal wounds {unknown}
 t - 2 potions of flight {unknown}
 w - 3 potions of curing {unknown}
 x - a potion of brilliance {unknown}
Books
 c - a book of Maledictions

   Spells                             Type                      Level
   a - Corona                         Hexes                        1
   b - Ensorcelled Hibernation        Hexes/Ice                    2
   c - Confuse                        Hexes                        3
   d - Tukima's Dance                 Hexes                        3
   e - Dazzling Spray                 Conjuration/Hexes            3
 y - a book of Misfortune

   Spells                             Type                      Level
   a - Confusing Touch                Hexes                        1
   b - Confuse                        Hexes                        3
   c - Gell's Gravitas                Translocation                3
   d - Petrify                        Transmutation/Earth          4
   e - Metabolic Englaciation         Hexes/Ice                    5
   f - Yara's Violent Unravelling     Hexes/Transmutation          5
Comestibles
 e - 6 rations


   Skills:
 - Level 3.0 Short Blades
 + Level 5.8 Dodging
 * Level 9.1 Stealth
 - Level 2.6 Spellcasting
 * Level 6.9 Hexes


You had 2 spell levels left.
You knew the following spells:

 Your Spells              Type           Power        Failure   Level  Hunger
a - Corona                Hex            ####...      1%          1    #......
b - Ensorcelled Hibernat  Hex/Ice        ##....       2%          2    ##.....
c - Tukima's Dance        Hex            ####....     1%          3    ###....
d - Confuse               Hex            ####....     1%          3    ###....


Dungeon Overview and Level Annotations

Branches:
Dungeon (5/15)             Temple (0/1) D:5

Altars:
Dithmenos
Yredelemnul

Shops:
D:5 :

Annotations:
D:2 exclusion: 2 downstairs
D:3 sking99's ghost, amateur NaFi


Innate Abilities, Weirdness & Mutations

You are very small and have problems with some larger weapons.
You are too small for most types of armour.
You have supernaturally acute eyesight. (SInv)
You are a herbivore.
You cover ground extremely quickly.
You need consume almost no food.


Message History

The orc wizard gestures at you while chanting.
The magic dart hits you!
You hit the orc wizard.
Lightning courses through the orc wizard!
The orc wizard is almost dead.
The orc wizard completely misses you. The orc wizard misses you.
You hit the orc wizard.
You kill the orc wizard!
Dithmenos accepts your kill. 2 orcs come into view.
Things that are here:
a dagger; a robe; an orc corpse The orc closely misses you.
The orc priest mumbles some strange prayers to Beogh against you.
Beogh smites you!
The hound skeleton completely misses you.
The orc priest calls down the wrath of Beogh upon you.
Beogh smites you!
Ouch! That really hurt!
You die...

...P.P?#.###.#.#..##..##
#..>..................
.P.P........(.(.##.#
#......#.#.÷...###.#
......#..∩......<(.#
#....<#.#.#...(<###.#
..... #.........# #.#
....# #...Z.....# ...
#... #o)o..@)..# ##.
#......o..###...# #
....o####.#..### .....
....# ... #.### .. #.# .
#.# # #


You could see an orc priest, 3 orcs and a hound skeleton.

Vanquished Creatures
  Sigmund (D:4)
  The ghost of Rwicked the Magician, an amateur DEFE (D:4)
  A phantom (D:4)
  A centaur (D:4)
  A centaur skeleton (D:5)
  A hound (D:5)
  A bullfrog skeleton (D:5)
  An orc priest (D:3)
  An orc wizard (D:5)
  A worker ant zombie (D:5)
  4 adders
  An ooze (D:1)
  4 worms
  3 dart slugs
  2 leopard geckos
  9 orcs
  8 giant cockroaches
  9 goblins
  21 hobgoblins
  12 kobolds
  11 bats
  4 frilled lizards
  6 rats
104 creatures vanquished.

Vanquished Creatures (collateral kills)
  A goblin (D:3)
  A hobgoblin (D:1)
2 creatures vanquished.

Vanquished Creatures (others)
  2 dancing weapons
2 creatures vanquished.

Grand Total: 108 creatures vanquished

Notes
Turn   | Place    | Note
-------+----------+-------------------------------------------
     0 | D:1      | LairdRich the Spriggan Enchanter began the quest for the Orb.
     0 | D:1      | Reached XP level 1. HP: 9/9 MP: 5/5
   172 | D:1      | Reached XP level 2. HP: 13/13 MP: 6/6
   196 | D:1      | Learned a level 2 spell: Ensorcelled Hibernation
   326 | D:1      | Found a shadowy altar of Dithmenos.
   421 | D:1      | Reached skill level 5 in Stealth
  1059 | D:1      | Reached XP level 3. HP: 16/16 MP: 0/8
  1072 | D:1      | Learned a level 3 spell: Tukima's Dance
  1440 | D:1      | Became a worshipper of Dithmenos the Shadowed
  2112 | D:2      | Reached XP level 4. HP: 21/21 MP: 3/9
  2815 | D:2      | Reached skill level 6 in Stealth
  2957 | D:3      | Noticed sking99's ghost (amateur NaFi)
  3195 | D:3      | Found a basalt altar of Yredelemnul.
  3462 | D:3      | Reached * piety under Dithmenos
  3581 | D:3      | Reached XP level 5. HP: 20/24 MP: 2/10
  3972 | D:3      | Learned a level 3 spell: Confuse
  4626 | D:4      | Reached skill level 5 in Hexes
  4691 | D:4      | Noticed Sigmund
  4912 | D:4      | Killed Sigmund
  4912 | D:4      | Reached skill level 7 in Stealth
  4912 | D:4      | Reached XP level 6. HP: 28/28 MP: 8/11
  4926 | D:4      | Noticed Rwicked's ghost (amateur DEFE)
  4942 | D:4      | Killed Rwicked's ghost
  4942 | D:4      | Reached skill level 5 in Dodging
  4942 | D:4      | Reached skill level 8 in Stealth
  5281 | D:5      | Entered Level 5 of the Dungeon
  5281 | D:5      | Found Raiger's Book Shoppe.
  5306 | D:4      | Reached XP level 7. HP: 31/32 MP: 0/12
  5526 | D:5      | Found a staircase to the Ecumenical Temple.
  5715 | D:5      | Reached skill level 9 in Stealth
  5733 | D:5      | Killed from afar by an orc priest

Skill      XL: |  1  2  3  4  5  6  7 |
---------------+----------------------+-----
Stealth        | 5 6 7 8 9 |  9.1
Hexes          | 4 5 6 |  6.9
Short Blades   | 2 3 |  3.0
Dodging        | 4 5 |  5.8
Spellcasting   | |  2.6

Action                   |  1- 3 |  4- 6 |  7- 9 || total
-------------------------+-------+-------+-------++-------
Melee: Dagger            |   142 |    28 |       ||   170
       Short sword       |       |    88 |    41 ||   129
 Cast: Corona            |     4 |       |       ||     4
       Ensorcelled Hiber |    43 |    53 |     7 ||   103
       Tukima's Dance    |     1 |     6 |       ||     7
       Confuse           |       |     5 |     3 ||     8
  Use: Scroll            |       |    11 |       ||    11
 Stab: Sleeping          |    28 |    35 |     2 ||    65
       Confused          |       |     3 |     2 ||     5
  Eat: Ration            |     1 |     3 |     1 ||     5
Armor: Robe              |    21 |    14 |     4 ||    39
Dodge: Dodged            |   176 |   142 |    44 ||   362
